 Dungeon Crawl Stone Soup version 0.31-a0-360-gb3e1d13bf4 (webtiles) character file.

Game seed: 13816981515514278972

585 lessens the Chopper (level 7, -2/52 HPs)
             Began as a Demonspawn Fighter on July 27, 2023.
             Slain by Blork the orc
             ... wielding a +6 halberd of protection
              (15 damage)
             ... on level 5 of the Dungeon.
             The game lasted 00:05:46 (4069 turns).

lessens the Chopper (Demonspawn Fighter)            Turns: 4069, Time: 00:05:46

Health: -2/52      AC:  8    Str: 18    XL:     7   Next: 14%
Magic:  7/7        EV:  9    Int: 10    God:
Gold:   174        SH: 10    Dex: 12    Spells: 6/6 levels left

rFire   . . .        a - +0 war axe
rCold   . . .        c - +0 buckler
rNeg    . . .        b - +0 scale mail
rPois   .            r - +0 helmet
rElec   .            (no cloak)
rCorr   .            (no gloves)
SInv    .            q - +0 pair of boots
Will    .....        (no amulet) Stlth
                     (no ring)
HPRegen 0.28/turn    (no ring)
MPRegen 0.10/turn

%: no passive effects
@: no status effects
A: large bone plates 2, powered by pain 1, demonic touch 1
a: no special abilities


You were on level 5 of the Dungeon.
You visited 1 branch of the dungeon, and saw 5 of its levels.

You collected 174 gold pieces.

Inventory:

Hand Weapons
 a - a +0 war axe (weapon)
Missiles
 f - 32 stones
 u - 5 javelins
 v - a throwing net
 z - 2 silver boomerangs
Armour
 b - a +0 scale mail (worn)
 c - a +0 buckler (worn)
 q - a +0 pair of boots (worn)
 r - a +0 helmet (worn)
Jewellery
 n - an amulet of reflection
 o - a +6 ring of intelligence
Scrolls
 e - a scroll of fear {unknown}
 i - a scroll of poison {unknown}
 k - a scroll of blinking {unknown}
 l - a scroll of summoning {unknown}
 m - a scroll of amnesia {unknown}
 t - a scroll of torment {unknown}
 w - 2 scrolls of identify
 y - a scroll of teleportation {unknown}
Potions
 d - 2 potions of might
 g - 2 potions of mutation {unknown}
 h - 2 potions of curing
 j - a potion of berserk rage
 p - a potion of lignification {unknown}
 s - 2 potions of magic
 x - a potion of resistance {unknown}
 A - a potion of attraction {unknown}
 B - a potion of haste {unknown}


   Skills:
 - Level 3.0 Fighting
 + Level 7.2 Axes
 - Level 2.6 Armour
 - Level 2.6 Shields


You had 6 spell levels left.
You didn't know any spells.
Your spell library contained the following spells:

 Spells                   Type           Power      Damage    Failure   Level
 Apportation              Tloc           0%         N/A       83%         1
 Necrotise                Necr           0%         1d4       83%         1
 Sting                    Tmut/Pois      0%         1d3       83%         1
 Summon Small Mammal      Summ           0%         N/A       83%         1
 Poisonous Vapours        Pois/Air       0%         N/A       93%         2
 Static Discharge         Conj/Air       0%         2-2/arc   93%         2
 Airstrike                Air            0%         2d(0-16)  100%        4
 Olgreb's Toxic Radiance  Pois           0%         N/A       100%        4
 Summon Lightning Spire   Summ/Air       0%         N/A       100%        4
 Haunt                    Necr/Summ      0%         N/A       100%        7
 Borgnjor's Revivificati  Necr           0%         N/A       100%        8
 Death's Door             Necr           0%         N/A       100%        9


Dungeon Overview and Level Annotations

Branches:
Dungeon (5/15) Zot: 25812
 Temple: D:4-7

Altars:
Cheibriados
Trog

Annotations:
D:2 Sigmund
D:3 1 runed translucent door, Crazy Yiuf
D:5 Blork the orc


Innate Abilities, Weirdness & Mutations

You are mostly covered in large bone plates. (SH +6)
You sometimes gain a little power by taking damage.
Your touch may inflict minor irresistible damage on your foes.


Message History

You block Blork the orc's attack.
You hit Blork the orc.
Blork the orc is lightly wounded.
Blork the orc gestures wildly while chanting.
Blork the orc seems to speed up.
You hit Blork the orc.
Blork the orc is moderately wounded.
Blork the orc points at you and mumbles some strange words.
The puff of flame hits you. You block Blork the orc's attack.
You barely miss Blork the orc.
Blork the orc is moderately wounded.
Blork the orc hits you but does no damage.
You hit Blork the orc.
Blork the orc is heavily wounded.
Blork the orc barely misses you.
Blork the orc gestures at you while chanting.
The puff of flame hits you but does no damage.
You closely miss Blork the orc.
Blork the orc is heavily wounded.
You block Blork the orc's attack.
Blork the orc gestures at you while chanting.
The puff of frost hits you.
You hit Blork the orc but do no damage.
Blork the orc is heavily wounded.
Blork the orc screams, "I don't like you!"
Blork the orc closely misses you. Blork the orc barely misses you.
You barely miss Blork the orc.
Blork the orc is heavily wounded.
Blork the orc hits you with a +6 halberd of protection!
You block Blork the orc's attack.
You slash Blork the orc!
Blork the orc is severely wounded.
Blork the orc hits you with a +6 halberd of protection!
Blork the orc gestures at you while chanting.
The puff of frost hits you.
* * * LOW HITPOINT WARNING * * *
You hit Blork the orc but do no damage.
Blork the orc is severely wounded.
Blork the orc hits you with a +6 halberd of protection!
You die...

...........#..## .###..
.#####...##..#####.....
##.###.........#
###...<.#...$..##
#.......###....##
#.........###....#
....####....# #.!#..#
..... #.##..##.###..#
##.. #.. #.#@........
## #..##.o##..###...
#..##.## #.# .. #..#..
.# . ... .. .... ..
#... #.. #..#


You could see Blork the orc (fast).

Vanquished Creatures
  A sky beast (D:3)
  A black bear (D:4)
  An ogre (D:4)
  A scorpion (D:2)
  Natasha (thrice) (D:3)
  An orc wizard (D:3)
  Robin (D:3)
  3 adders
  A worm (D:2)
  2 dart slugs
  9 orcs
  11 endoplasms
  3 giant cockroaches
  17 goblins
  7 hobgoblins
  6 jackals (D:1)
  A quokka (D:1)
  9 ball pythons
  5 bats
  2 frilled lizards
  8 kobolds
  4 rats
97 creatures vanquished.

Notes
Turn   | Place    | Note
-------+----------+-------------------------------------------
     0 | D:1      | lessens the Demonspawn Fighter began the quest for the Orb.
     0 | D:1      | Reached XP level 1. HP: 18/18 MP: 1/1
    25 | D:1      | Reached skill level 2 in Axes
   123 | D:1      | Gained mutation: You sometimes gain a little power by
                  | taking damage. [demonic ancestry]
   123 | D:1      | Reached XP level 2. HP: 24/24 MP: 2/2
   186 | D:1      | You fall into a shaft and drop 1 floor!
   259 | D:1      | Reached skill level 3 in Axes
   558 | D:1      | Reached XP level 3. HP: 29/29 MP: 3/3
  1228 | D:2      | Noticed a scorpion
  1241 | D:2      | Killed a scorpion
  1242 | D:2      | Reached skill level 4 in Axes
  1242 | D:2      | Reached XP level 4. HP: 28/35 MP: 4/4
  1811 | D:2      | Noticed Sigmund
  1839 | D:3      | Noticed a sky beast
  1855 | D:3      | Killed a sky beast
  1856 | D:3      | Reached skill level 5 in Axes
  1856 | D:3      | Gained mutation: You are partially covered in large bone
                  | plates. (SH +4) [demonic ancestry]
  1856 | D:3      | Reached XP level 5. HP: 5/41 MP: 5/5
  2190 | D:3      | Gained mutation: You are mostly covered in large bone
                  | plates. (SH +6) [demonic ancestry]
  2190 | D:3      | Reached XP level 6. HP: 5/47 MP: 6/6
  2392 | D:3      | Noticed Natasha
  2394 | D:3      | Noticed Robin
  2441 | D:3      | Killed Natasha
  2442 | D:3      | Reached skill level 6 in Axes
  2522 | D:3      | Killed Robin
  2604 | D:3      | Noticed Natasha
  2616 | D:3      | Killed Natasha
  2824 | D:3      | Found a snail-covered altar of Cheibriados.
  2856 | D:3      | Found a bloodstained altar of Trog.
  2927 | D:3      | Found a runed translucent door.
  2928 | D:3      | Noticed Crazy Yiuf
  2953 | D:3      | Noticed Natasha
  2963 | D:3      | Killed Natasha
  3413 | D:4      | Reached skill level 7 in Axes
  3413 | D:4      | Gained mutation: Your touch may inflict minor irresistible
                  | damage on your foes. [demonic ancestry]
  3413 | D:4      | Reached XP level 7. HP: 35/52 MP: 7/7
  4034 | D:5      | Entered Level 5 of the Dungeon
  4055 | D:5      | Noticed Blork the orc
  4069 | D:5      | Slain by Blork the orc

Illustrated notes

Levels and vault maps discovered:
D:1:      minmay_arrival_diagonal_passages, layout_basic,
          minmay_shallow_snake_nest
D:2:      layout_basic, basic_ecumenical_altar, minmay_tromino_v4_a,
          uniq_sigmund
D:3:      layout_basic, mainiacjoe_overflow_two_lobes, uniq_robin,
          uniq_crazy_yiuf_cottage, uniq_natasha
D:4:      layout_loops_ring, supply_closet_lemuel
D:5:      kennysheep_steamy, layout_layer_cave,
          mainiacjoe_overflow_surrounded_room, overflow_temple_1_default,
          minmay_temple_entry_overgrown, lightli_church_of_beogh, uniq_duvessa,
          uniq_grinder, uniq_blork_the_orc

Skill      XL: |  1  2  3  4  5  6 |
---------------+-------------------+-----
Axes           | 2 3 4 5 7 |  7.2
Fighting       | |  3.0
Armour         | |  2.6
Shields        | |  2.6

Action                     |  1- 3 |  4- 6 |  7- 9 || total
---------------------------+-------+-------+-------++-------
  Melee: War axe           |    96 |   195 |    37 ||   328
    Use: Potion            |     1 |     1 |       ||     2
         Scroll            |       |     2 |       ||     2
 Armour: Scale mail        |    44 |    81 |    10 ||   135
  Dodge: Dodged            |    45 |    85 |    13 ||   143
  Block: Buckler           |    24 |    99 |    21 ||   144

Table legend: (Time is in decaauts)
 A = Elapsed time spent in this place.
 B = Non-inter-level travel time spent in this place.
 C = Inter-level travel time spent in this place.
 D = Time resting spent in this place.
 E = Time spent auto-exploring this place.
 F = Levels seen in this place.
 G = Mean time per level.
                   A        B        C        D        E       F      G
               +--------+--------+--------+--------+--------+-----+--------+
         Total |   4186 |   4050 |    136 |    243 |   2974 |   5 |  837.2 |
       Dungeon |   4186 |   4050 |    136 |    243 |   2974 |   5 |  837.2 |
               +--------+--------+--------+--------+--------+-----+--------+

Top non-repeatable levels by time:
     D:3: 1197 daAuts
     D:1: 1047 daAuts
     D:4: 972 daAuts
     D:2: 932 daAuts
     D:5: 37 daAuts

Levels and vault maps discovered:
D:1:      minmay_arrival_diagonal_passages, layout_basic,
          minmay_shallow_snake_nest
D:2:      layout_basic, basic_ecumenical_altar, minmay_tromino_v4_a,
          uniq_sigmund
D:3:      layout_basic, mainiacjoe_overflow_two_lobes, uniq_robin,
          uniq_crazy_yiuf_cottage, uniq_natasha
D:4:      layout_loops_ring, supply_closet_lemuel
D:5:      kennysheep_steamy, layout_layer_cave,
          mainiacjoe_overflow_surrounded_room, overflow_temple_1_default,
          minmay_temple_entry_overgrown, lightli_church_of_beogh, uniq_duvessa,
          uniq_grinder, uniq_blork_the_orc
